 Dungeon Crawl Stone Soup version 0.28-a0-1143-gcf6077d4cc (webtiles) character file.

Game seed: 12462598030605702251

52 SensoryNuts the Slasher (level 3, -3/27 HPs)
             Began as a Demonspawn Gladiator on Dec 13, 2021.
             Slain by an orc priest (5 damage)
             ... on level 3 of the Dungeon.
             The game lasted 00:02:17 (1707 turns).

SensoryNuts the Slasher (Demonspawn Gladiator)      Turns: 1707, Time: 00:02:18

Health: -3/27      AC:  4    Str: 13 (16) XL:     3   Next: 60%
Magic:  3/3        EV: 12    Int:  7 (9)  God:
Gold:   141        SH:  0    Dex: 11 (14) Spells: 2/2 levels left

rFire   . . .      SeeInvis .   a - +0 long sword
rCold   . . .      Faith    .   (no shield)
rNeg    . . .      Spirit   .   b - +0 leather armour
rPois   .          Reflect  .   c - +0 helmet
rElec   .          Harm     .   (no cloak)
rCorr   .          Rampage  .   (no gloves)
Will    +....                   (no boots)
Stlth   +.........              (no amulet)
HPRegen 0.09/turn               h - ring of willpower
MPRegen 0.08/turn               (no ring)

@: mighty, invisible
A: spiny 1
a: no special abilities


You were on level 3 of the Dungeon.
You visited 1 branch of the dungeon, and saw 3 of its levels.

You collected 141 gold pieces.

Inventory:

Hand Weapons
 a - a +0 long sword (weapon)
Missiles
 d - 3 throwing nets (quivered)
Armour
 b - a +0 leather armour (worn)
 c - a +0 helmet (worn)
Jewellery
 h - a ring of willpower (left hand)
 i - a ring of resist corrosion
Scrolls
 e - a scroll of identify
Potions
 f - a potion of ambrosia
 g - a potion of attraction


   Skills:
 + Level 2.2 Fighting
 + Level 3.6 Long Blades
 + Level 1.7 Throwing
 + Level 1.0 Armour
 + Level 3.0 Dodging


You had 2 spell levels left.
You didn't know any spells.
Your spell library was empty.

Dungeon Overview and Level Annotations

Branches:
Dungeon (3/15)

Altars:

Shops:
D:1 :


Innate Abilities, Weirdness & Mutations

You are partially covered in sharp spines.


Message History

No target in view!
No target in view!
No target in view!
No target in view!
No target in view!
Things that are here:
a +0 club; a +0 leather armour 2 orcs and an orc priest come into view.
Found 21 bolts.
The orc shouts!
The orc priest shouts!
There are monsters nearby!
You closely miss the orc.
The orc priest mumbles some strange prayers to Beogh against you.
Beogh smites you!
You hit the orc.
The orc is lightly wounded.
The orc priest mumbles some strange prayers to Beogh against you.
Beogh smites you!
Ouch! That really hurt!
* * * LOW HITPOINT WARNING * * *
The orc closely misses you.
It was a potion of invisibility.
You fade into invisibility!
It was a potion of might.
You feel very mighty all of a sudden. The orc completely misses you.
Okay, then.
Things that are here:
a +0 club; a +0 leather armour The orc is struck by your spines.
The orc closely misses you.
You slash the orc!
You kill the orc!
The orc priest is struck by your spines.
The orc priest closely misses you.
Items here: )) [ †.
You catch the helpless orc priest completely off-guard!
You hit the orc priest but do no damage.
The orc priest is lightly wounded.
The orc priest closely misses you. The orc priest hits you with a +0 club.
You die...

## #.# #.# #.# ### #.####
.(# ##...# #o# ##.##.#
#o###@###.# #.# #.#o##
#.# #.# #o## #.#
####.####### #.#
#.......########.#
#.##.#.........#.#
#.##.#.........#.##
###.#..#........>#..#
#................##.#####


You could see an orc priest and an orc.

Vanquished Creatures
  A dart slug (D:2)
  2 orcs (D:3)
  4 bats
  3 endoplasms
  5 giant cockroaches
  6 hobgoblins
  2 quokkas
  7 ball pythons
  A frilled lizard (D:1)
  3 goblins
  7 kobolds
  3 rats
44 creatures vanquished.

Notes
Turn   | Place    | Note
-------+----------+-------------------------------------------
     0 | D:1      | SensoryNuts the Demonspawn Gladiator began the quest for
                  | the Orb.
     0 | D:1      | Reached XP level 1. HP: 16/16 MP: 1/1
   322 | D:1      | Gained mutation: You are partially covered in sharp spines.
                  | [demonic ancestry]
   322 | D:1      | Reached XP level 2. HP: 22/22 MP: 2/2
   744 | D:1      | Found Qatelux's Book Shop.
   972 | D:2      | Reached XP level 3. HP: 23/27 MP: 3/3
  1138 | D:2      | Reached skill level 1 in Armour
  1197 | D:2      | Found a faded altar of an unknown god.
  1699 | D:3      | HP: 1/27 [orc priest/divine providence (14)]
  1707 | D:3      | Slain by an orc priest

Illustrated notes

Levels and vault maps discovered:
D:1:      psy_arrival_whirlpool, layout_basic, serial_shops,
          nicolae_shop_crystal
D:2:      layout_rooms, shapermc_ecumenical_altar_hornbeckon
D:3:      kennysheep_big_flooded_room, layout_loops_cross, minitemple,
          minmay_misc_feat_enclosed, hangedman_decor_growths

Skill      XL: |  1  2  3 |
---------------+----------+-----
Long Blades    | 3 |  3.6
Dodging        | 3 |  3.0
Armour         | 1 |  1.0
Fighting       | |  2.2
Throwing       | |  1.7

Action                   || total
-------------------------++-------
Melee: Long sword        ||    86
  Use: Potion            ||     6
       Scroll            ||     3
 Stab: Invisible         ||     1
Armor: Leather armour    ||    27
Dodge: Dodged            ||    59

Table legend: (Time is in decaauts)
 A = Elapsed time spent in this place.
 B = Non-inter-level travel time spent in this place.
 C = Inter-level travel time spent in this place.
 D = Time resting spent in this place.
 E = Time spent auto-exploring this place.
 F = Levels seen in this place.
 G = Mean time per level.
                   A        B        C        D        E       F      G
               +--------+--------+--------+--------+--------+-----+--------+
         Total |   1734 |   1734 |      0 |      0 |   1337 |   3 |  578.0 |
       Dungeon |   1734 |   1734 |      0 |      0 |   1337 |   3 |  578.0 |
               +--------+--------+--------+--------+--------+-----+--------+

Top non-repeatable levels by time:
     D:1: 896 daAuts
     D:2: 601 daAuts
     D:3: 235 daAuts
